 Dungeon Sprint DCSS version 0.30-a0-824-g6c64550be9 (webtiles) character file.

Game seed: 4955467071420219036

24 rocky1 the Shield-Bearer (level 3, -13/32 HPs)
             Began as a Formicid Fighter on Feb 27, 2023.
             Was an Initiate of Okawaru.
             Killed from afar by an acid dragon (28 damage)
             ... with a splash of acid
             ... in the Dungeon (Sprint IX: "|||||||||||||||||||||||||||||").
             The game lasted 00:01:01 (154 turns).

rocky1 the Shield-Bearer (Formicid Fighter)          Turns: 154, Time: 00:01:02

Health: -13/32     AC:  9    Str: 22    XL:     3   Next: 15%
Magic:  3/3        EV: 10    Int: 10    God:    Okawaru [......]
Gold:   0          SH:  5    Dex: 16    Spells: 2/2 levels left

rFire   . . .      SeeInvis +    l - +2 morningstar (heavy)
rCold   . . .      Faith    .    c - +0 buckler
rNeg    . . .      Spirit   .    n - +2 ring mail
rPois   .          Reflect  .    (helmet unavailable)
rElec   .          Harm     .    m - +0 cloak
rCorr   .          Rampage  .    (no gloves)
Will    .....                    (no boots)
Stlth   +                        (no amulet)
HPRegen 0.25/turn                o - +3 ring of dexterity
MPRegen 0.08/turn                p - +3 ring of intelligence

@: invisible
A: permanent stasis, dig shafts and tunnels, antennae 3, four strong arms
a: Dig, Renounce Religion


You were in the Dungeon.
You worshipped Okawaru.
Okawaru was noncommittal.
You visited 1 branch

Inventory:

Hand Weapons
 a - a +0 flail
 l - a +2 heavy morningstar (weapon)
Armour
 b - a +0 scale mail
 c - a +0 buckler (worn)
 m - a +0 cloak (worn)
 n - a +2 ring mail (worn)
Jewellery
 o - a +3 ring of dexterity (left hand)
 p - a +3 ring of intelligence (right hand)
Wands
 k - a wand of iceblast (10)
Scrolls
 h - 2 scrolls of blinking
 j - 2 scrolls of amnesia
Potions
 d - a potion of might
 e - 5 potions of curing
 f - 3 potions of heal wounds
 g - 4 potions of magic


   Skills:
 + Level 4.8 Fighting
 + Level 3.2 Maces & Flails
 + Level 4.5 Armour
 + Level 5.2 Shields


You had 2 spell levels left.
You didn't know any spells.
Your spell library was empty.

Dungeon Overview and Level Annotations

Branches:
Dungeon (1/1)

Altars:
Cheibriados
Dithmenos
Elyvilon
Fedhas
Gozag
Hepliaklqana
Kikubaaqudgha
Makhleb
Nemelex Xobeh
Okawaru
Qazlal
Ru
Sif Muna
Trog
Uskayaw
Vehumet
Wu Jian
Xom
Yredelemnul
Zin
The Shining One
Jiyva
Lugonu


Innate Abilities, Weirdness & Mutations

You cannot be hasted, slowed, berserked, paralysed or teleported.
You can dig through walls and to a lower floor.
You have a pair of large antennae on your head. (SInv)
Your four strong arms can wield two-handed weapons with a shield.


Message History

n - a +2 ring mail
o - a +3 ring of dexterity
p - a +3 ring of intelligence You start putting on your armour.
You continue putting on your +0 cloak. x4
You finish putting on your +0 cloak.
You start removing your armour.
You continue taking off your +0 scale mail. x4
You finish taking off your +0 scale mail.
You start putting on your armour.
You continue putting on your +2 ring mail. x5
You finish putting on your +2 ring mail.
Okay, then.
You feel agile.
o - a +3 ring of dexterity (left hand)
You feel clever.
p - a +3 ring of intelligence (right hand)
You fade into invisibility!
As you open the door, it creaks loudly! 2 wraiths, a yak, an acid dragon and 2 orc warriors come into view.
The orc warrior shouts!
The acid dragon roars!
The orc warrior shouts!
The yak bellows!
You closely miss the orc warrior.
The yak bellows!
The acid dragon roars!
The orc warrior hits you but does no damage.
The shadow slips into darkness.
The shadow flickers and vanishes for a moment.
You block the orc warrior's attack.
You hit the orc warrior.
The orc warrior is moderately wounded.
The yak bellows!
The orc warrior hits you with a +4 mace.
The orc warrior hits you with a +4 mace!
You catch the helpless orc warrior completely off-guard!
You impale the orc warrior!!
You kill the orc warrior!
Okawaru is honoured by your kill. The acid dragon spits acid at you.
The splash of acid hits you!!
Ouch! That really hurt!
You die...

▓.▓
▓o▓
▓W▓
▓Y▓
▓.▓
▓W▓
▓D▓
▓@▓
{
▓.▓
{
▓.▓
{ {
▓[▓
{
▓.▓
{
▓.▓
{
▓)▓
{
▓.▓
{
▓.▓


You could see a yak (wandering, unable to see you), a wraith, an orc warrior
(unable to see you), an acid dragon (unable to see you, catching breath) and a
shadow (invisible).

Vanquished Creatures
  An orc warrior (D)
  An adder (D)
  2 dart slugs (D)
  2 orcs (D)
  An endoplasm (D)
  A hobgoblin (D)
  A quokka (D)
  2 rats (D)
11 creatures vanquished.

Notes
Turn   | Place    | Note
-------+----------+-------------------------------------------
     0 | D        | rocky1 the Formicid Fighter began the quest for the Orb.
     0 | D        | Reached XP level 1. HP: 18/18 MP: 1/1
    15 | D        | Reached XP level 2. HP: 22/25 MP: 2/2
    46 | D        | Reached skill level 5 in Shields
    46 | D        | Reached XP level 3. HP: 28/31 MP: 3/3
    82 | D        | Found a snail-covered altar of Cheibriados.
    82 | D        | Found a shadowy altar of Dithmenos.
    82 | D        | Found a white marble altar of Elyvilon.
    82 | D        | Found a blossoming altar of Fedhas.
    82 | D        | Found an opulent altar of Gozag.
    83 | D        | Found a hazy altar of Hepliaklqana.
    84 | D        | Found a viscous altar of Jiyva.
    85 | D        | Found an ancient bone altar of Kikubaaqudgha.
    86 | D        | Found a corrupted altar of Lugonu.
    87 | D        | Found a burning altar of Makhleb.
    88 | D        | Found a sparkling altar of Nemelex Xobeh.
    89 | D        | Found an iron altar of Okawaru.
    90 | D        | Found a stormy altar of Qazlal.
    91 | D        | Found a sacrificial altar of Ru.
    92 | D        | Found a shimmering blue altar of Sif Muna.
    93 | D        | Found a bloodstained altar of Trog.
    94 | D        | Found a hide-covered altar of Uskayaw.
    95 | D        | Found a radiant altar of Vehumet.
    96 | D        | Found an ornate altar of the Wu Jian Council.
    97 | D        | Became a worshipper of Warmaster Okawaru
    98 | D        | Found a shimmering altar of Xom.
    99 | D        | Found a basalt altar of Yredelemnul.
   100 | D        | Found a glowing silver altar of Zin.
   101 | D        | Found a glowing golden altar of the Shining One.
   151 | D        | Noticed an orc warrior
   151 | D        | Noticed a wraith
   151 | D        | Noticed a yak
   151 | D        | Noticed a shadow
   151 | D        | Noticed an acid dragon
   151 | D        | Noticed an orc warrior
   154 | D        | Killed an orc warrior
   154 | D        | Killed from afar by an acid dragon

Illustrated notes

Levels and vault maps discovered:
D:        linesprint [early_d, line_temple, items_1, d_10, items_2, lair_1,
          lair_end, items_3, orc_1, orc_end, items_4, d_15, swamp_1, shoals_1,
          snake_1, spider_1, d_20, vaults_1, items_5, swamp_end, shoals_end,
          snake_end, spider_end, vaults_end, d_27, items_6, zot_1, zot_end,
          crypt_end, forest_end, elf_end, slime_end, tomb_end, abyss_end,
          pan_hell_end]

Skill      XL: |  1  2 |
---------------+-------+-----
Armour         | 4 |  4.5
Fighting       | 4 |  4.8
Maces & Flails | 3 |  3.2
Shields        | 5 |  5.2

Action                     || total
---------------------------++-------
  Melee: Flail             ||    25
         Morningstar       ||     3
    Use: Potion            ||     1
   Stab: Invisible         ||     1
 Armour: Scale mail        ||     4
         Ring mail         ||     1
  Dodge: Dodged            ||    11
  Block: Buckler           ||     3

Table legend: (Time is in decaauts)
 A = Elapsed time spent in this place.
 B = Non-inter-level travel time spent in this place.
 C = Inter-level travel time spent in this place.
 D = Time resting spent in this place.
 E = Time spent auto-exploring this place.
 F = Levels seen in this place.
 G = Mean time per level.
                   A        B        C        D        E       F      G
               +--------+--------+--------+--------+--------+-----+--------+
         Total |    162 |    162 |      0 |     40 |      0 |   1 |  162.0 |
       Dungeon |    162 |    162 |      0 |     40 |      0 |   1 |  162.0 |
               +--------+--------+--------+--------+--------+-----+--------+

Top non-repeatable levels by time:
       D: 162 daAuts
